 Dungeon Crawl Stone Soup version 0.27.1-34-g3ba077fa99 (webtiles) character file.

Game seed: 4944346890789674098

566 unlimited1921 the Magician (level 7, 0/49 HPs)
             Began as a Djinni Fire Elementalist on Jan 6, 2022.
             Was an Initiate of Cheibriados.
             Slain by an ogre (20 damage)
             ... on level 4 of the Dungeon.
             The game lasted 00:28:23 (7829 turns).

unlimited1921 the Magician (DjFE)                   Turns: 7829, Time: 00:28:23

Health: 0/49       AC:  4    Str:  8    XL:     7   Next: 59%
Gold:   135        EV: 12    Int: 20    God:    Cheibriados [......] SH:  0 Dex: 14

rFire    + + .     SeeInvis .   m - +0 short sword
rCold    x . .     Faith    .   (no shield)
rNeg     . . .     Spirit   .   e - +0 leather armour
rPois    ∞         Reflect  .   (no helmet)
rElec    .         Harm     .   (no cloak)
rCorr    +         Rampage  .   i - +0 pair of gloves
Will     .....                  (boots unavailable)
Stlth    ++........             (no amulet)
HPRegen  0.16/turn              p - ring of resist corrosion
MPRegen  0.00/turn              (no ring)

@: flying, very slow
A: sickness immunity, fire resistance 2, cold vulnerability 1, float, innate
caster, hp casting, extra vitality 1
a: Renounce Religion, Bend Time


You were on level 4 of the Dungeon.
You worshipped Cheibriados.
Cheibriados was noncommittal.
You visited 2 branches of the dungeon, and saw 5 of its levels.

You collected 135 gold pieces.

Inventory:

Hand Weapons
 b - a +0 dagger
 c - a +0 war axe
 g - a +0 hunting sling
 m - a +0 short sword (weapon)
 s - a +0 spear of venom
Missiles
 q - 9 bolts
Armour
 a - a +0 robe
 e - a +0 leather armour (worn)
 i - a +0 pair of gloves (worn)
Magical Staves
 h - a staff of death
Jewellery
 p - a ring of resist corrosion (left hand)
 x - a ring of ice
Scrolls
 n - 2 scrolls of teleportation {unknown}
 o - 3 scrolls of identify {unknown}
 u - a scroll of acquirement {unknown}
 v - a scroll of amnesia {unknown}
Potions
 d - 2 potions of lignification {unknown}
 f - a potion of invisibility {unknown}
 j - a potion of berserk rage {unknown}
 k - 2 potions of mutation {unknown}
 l - a potion of brilliance {unknown}
 r - 2 potions of heal wounds {unknown}
 t - a potion of magic {unknown}
 w - a potion of curing {unknown}
 z - a potion of degeneration {unknown}


   Skills:
 * Level 2.7 Fighting
 + Level 0.6 Short Blades
 + Level 2.8 Armour
 * Level 3.8 Dodging
 + Level 2.3 Stealth
 + Level 4.4 Spellcasting


You couldn't memorise any spells.
You knew the following spells:

 Your Spells              Type           Power      Damage    Failure   Level
a - Foxfire               Conj/Fire      88%        2x1d8     2%          1
b - Conjure Flame         Conj/Fire      22%        6-21      9%          3
c - Inner Flame           Hex/Fire       22%        N/A       9%          3
d - Sticky Flame          Conj/Fire      22%        2d4       28%         4
e - Fireball              Conj/Fire      11%        3d7       61%         5
f - Sandblast             Erth           44%        2d11      2%          1
g - Poisonous Vapours     Pois/Air       44%        N/A       4%          2
h - Searing Ray           Conj           44%        3d4       4%          2
Your spell library was empty.

Dungeon Overview and Level Annotations

Branches:
Dungeon (4/15)             Temple (1/1) D:4

Altars:
Ashenzari
Cheibriados
Elyvilon
Hepliaklqana
Kikubaaqudgha
Makhleb
Nemelex Xobeh
Okawaru
Qazlal
Trog
Wu Jian
Xom
Yredelemnul
Zin
The Shining One


Innate Abilities, Weirdness & Mutations

You are immune to sickness and miasma.
You are immune to poison.
Your flesh is very heat resistant. (rF++)
You are vulnerable to cold. (rC-)
You float through the air rather than walking.
You learn spells naturally, not from books.
Your magical power is your life essence.
You have superior vitality. (+4 HP)


Message History

The foxfire hits the hobgoblin!
You kill the hobgoblin!
Cheibriados thoroughly appreciates the change of pace.
Casting: Foxfire (safe; 2% risk of failure)
Confirm with . or Enter, or press ? or * to list all spells.
You conjure some foxfire!
Your foxfire dissipates!
You see here a hobgoblin corpse.
An ogre comes into view. It is wielding a +0 giant club.
You see here a scroll labelled XEMAGH FYSM.
You see here a scroll labelled XEMAGH FYSM.
Casting: Foxfire (safe; 2% risk of failure)
Confirm with . or Enter, or press ? or * to list all spells.
You conjure some foxfire!
Your foxfire dissipates!
The foxfire hits the ogre.
The ogre is lightly wounded.
Casting: Foxfire (safe; 2% risk of failure)
Confirm with . or Enter, or press ? or * to list all spells.
You conjure some foxfire!
The foxfire hits the ogre.
The ogre is moderately wounded.
The foxfire hits the ogre.
The ogre is moderately wounded.
Casting: Foxfire (safe; 2% risk of failure)
Confirm with . or Enter, or press ? or * to list all spells.
You conjure some foxfire!
The ogre hits you with a +0 giant club!
Your foxfire dissipates!
The foxfire hits the ogre.
The ogre is heavily wounded.
You see here a hobgoblin corpse.
The ogre hits you with a +0 giant club!
Casting: Foxfire (safe; 2% risk of failure)
Confirm with . or Enter, or press ? or * to list all spells.
You conjure some foxfire!
Your foxfire dissipates!
The foxfire hits the ogre.
The ogre is severely wounded.
The ogre hits you with a +0 giant club!!
You die...

.##.###.........#
.##.# #.........#
.##.# #.........#
.##.# #.........#
###.# #.........#
..#.# #.........#
#...#
#.........##
##..#
#..........# #<.#
#......###@#
##.###......#.5O#
#...#####.#.#.#†#
##.#..#
##.#.#...#
#>.##.#
#..#.#$#.#
#.###.#
#.##.#..?# ..#
#.###.##.#.#.#
.## #.....#
.#...# .# ###.###
###.#


You could see an ogre and an ufetubus.

Vanquished Creatures
  A black bear (D:3)
  A necrophage (D:4)
  An ogre (D:4)
  A hound (D:2)
  A centaur skeleton (D:4)
  An iguana (D:4)
  2 hound skeletons (D:4)
  6 gnolls
  3 adders
  An adder skeleton (D:4)
  2 worms (D:4)
  5 dart slugs
  3 orcs (D:3)
  6 endoplasms
  3 giant cockroaches
  11 goblins
  7 hobgoblins
  4 jackals (D:2)
  5 quokkas
  9 ball pythons
  8 bats
  11 frilled lizards
  5 kobolds
  4 rats
101 creatures vanquished.

Vanquished Creatures (collateral kills)
  A foxfire (D:4)
1 creature vanquished.

Vanquished Creatures (others)
  398 foxfires
398 creatures vanquished.

Grand Total: 500 creatures vanquished

Notes
Turn   | Place    | Note
-------+----------+-------------------------------------------
     0 | D:1      | unlimited1921 the Djinni Fire Elementalist began the quest
                  | for the Orb.
     0 | D:1      | Reached XP level 1. HP: 15/15 MP: 0/0
   420 | D:1      | Reached XP level 2. HP: 20/21 MP: 0/0
  1060 | D:1      | Reached XP level 3. HP: 22/25 MP: 0/0
  1060 | D:1      | Learned a level 1 spell: Sandblast
  1062 | D:1      | Reached skill level 3 in Spellcasting
  1789 | D:1      | Found a faded altar of an unknown god.
  2543 | D:2      | Reached skill level 1 in Fighting
  2543 | D:2      | Reached XP level 4. HP: 26/32 MP: 0/0
  2721 | D:2      | Reached skill level 1 in Armour
  4188 | D:3      | Reached XP level 5. HP: 32/37 MP: 0/0
  4188 | D:3      | Learned a level 2 spell: Poisonous Vapours
  5699 | D:4      | Noticed a black bear
  5711 | D:3      | Killed a black bear
  5712 | D:3      | Reached XP level 6. HP: 24/43 MP: 0/0
  6011 | D:4      | Found a staircase to the Ecumenical Temple.
  6241 | Temple   | Entered the Ecumenical Temple
  6923 | D:4      | Reached skill level 4 in Spellcasting
  6968 | D:4      | Found a snail-covered altar of Cheibriados.
  7112 | D:4      | Became a worshipper of Cheibriados the Contemplative
  7184 | D:4      | Noticed a necrophage
  7192 | D:4      | Killed a necrophage
  7193 | D:4      | Reached XP level 7. HP: 37/49 MP: 0/0
  7193 | D:4      | Learned a level 2 spell: Searing Ray
  7829 | D:4      | Slain by an ogre

Illustrated notes

Levels and vault maps discovered:
D:1:      pf_arrival_petrified_forest, layout_basic,
          ebering_ecumenical_altar_abandoned
D:2:      layout_loops_cross
D:3:      kennysheep_the_goblin_king, layout_rooms
D:4:      layout_rooms, slow_altar_1, minmay_temple_entry_ruins,
          portal_sewer_entry_e, serial_park_tiny_1, hangedman_minor_gate_pass
Temple:   eino_temple_water

Skill      XL: |  1  2  3  4  5  6 |
---------------+-------------------+-----
Spellcasting   | 3 4 |  4.4
Fighting       | 1 2 |  2.7
Armour         | 1 2 |  2.8
Stealth        | 2 |  2.3
Dodging        | 3 |  3.8
Short Blades   | |  0.6

Action                   |  1- 3 |  4- 6 |  7- 9 || total
-------------------------+-------+-------+-------++-------
Melee: Dagger            |     1 |       |       ||     1
       Staff             |       |     5 |       ||     5
       Short sword       |       |     3 |       ||     3
 Cast: Foxfire           |    69 |   153 |    21 ||   243
  Use: Scroll            |       |     1 |       ||     1
Armor: Leather armour    |     3 |    10 |     1 ||    14
Dodge: Dodged            |     4 |    37 |     4 ||    45
